[Event "*** Titled Tuesday Blitz"]
[Site "Chess.com"]
[Date "2020.05.05"]
[Round "7"]
[White "Kimster98"]
[Black "afgano29"]
[Result "0-1"]
[WhiteElo "2522"]
[BlackElo "2695"]
[TimeControl "180+1"]
[EndTime "11:19:41 PDT"]
[Termination "afgano29 won on time"]

1. d4 Nf6 2. Nf3 g6 3. c4 Bg7 4.
g3 O-O 5. Bg2 d5 6. cxd5 Nxd5 7.
O-O Nb6 8. Nc3 Nc6 9. e3 Re8 10. Nh4 e5 11. d5 Ne7 12. e4 Bd7 13. b3 c6 14. d6 Nec8 15. Ba3 Bf8 16. Qd3 Qf6 17.
Rad1 Rd8 18. f4 Bg4 19. Bf3 Bh3 20. Bg2 Bxg2 21. Kxg2 Nxd6 22. fxe5 Qxe5 23. Qf3 Qe6 24. e5 Nb5 25. Bxf8 Rxf8 26. Ne4 Nd5 27. Rxd5 cxd5 28. Nf6+ Kg7 29. Qf4 h6 30. g4 d4 31. Nf5+ gxf5 32.
gxf5 Qc6+ 33. Kh3 Rh8 34. Rg1+ Kf8 35. Qg4 d3 36. e6 Ke7 37. Ne4 Rag8 38. Qh4+ Ke8 39.
Nf6+ Kf8 40. Nh7+ Ke8 41. Nf6+ Kf8 42. Rxg8+ Rxg8 43. e7+ Kxe7 44. Nxg8+ Kd6 45. Qe7+ Kd5 46. Qe3 Qc3 47. Ne7+ Kd6 0-1

[Event "*** Titled Tuesday Blitz"]
[Site "Chess.com"]
[Date "2020.05.05"]
[Round "7"]
[White "AnnaChessLook"]
[Black "FROGGY64"]
[Result "1/2-1/2"]
[WhiteElo "2257"]
[BlackElo "2431"]
[TimeControl "180+1"]
[EndTime "11:19:43 PDT"]
[Termination "Game drawn by agreement"]

1. d4 e6 2. c4 b6 3. e4 d5 4. Nc3 dxe4 5. Nxe4 Bb7 6. Nc3 Nd7 7. Nf3 Bb4 8. Be3 Bxc3+ 9. bxc3 Ngf6 10. Bd3 O-O 11. O-O c5 12. Nd2 Qc7 13. f4 Rad8 14. Qe2 Rfe8 15.
Rae1 Nf8 16. Qf2 Qc6 17. Qg3 Ng6 18. Nf3 Ne4 19. Qh3 h6 20. Ne5 Nxe5 21. fxe5 cxd4 22. cxd4 f5 23. exf6 Nxf6 24. Bxh6 Rxd4 25. Bxg7 Kxg7 26. Rxf6 Qxg2+ 27. Qxg2+ Bxg2 28. Rfxe6 Rxe6 29. Rxe6 Rxd3 30. Kxg2 Rd2+ 31. Kg3 Rxa2 32. h4 Rc2 33. Re7+ Kg6 34. Rxa7 Rc3+ 35. Kg4 Rxc4+ 36. Kg3 b5 37. Rb7 b4 38.
Rb6+ Kh5 39. Rb5+ Kg6 40. Kh3 Rc3+ 41. Kg4 b3 42. Rb6+ Kg7 43. Kg5 Rc5+ 44. Kg4 Rc4+ 45. Kg3 Rc3+ 46. Kf4 Rc4+ 47. Kg5 Rc5+ 48. Kg4 Rc4+ 49.
Kf5 Rxh4 50. Rb7+ Kh6 51. Rxb3 Rh1 52. Rf3 Kh5 53. Kf6 Kh4 54. Kf5 Ra1 55. Rd3 Ra5+ 56. Kf6 Ra6+ 1/2-1/2

[Event "*** Titled Tuesday Blitz"]
[Site "Chess.com"]
[Date "2020.05.05"]
[Round "7"]
[White "canary2016"]
[Black "WiktoriaPOL"]
[Result "0-1"]
[WhiteElo "1908"]
[BlackElo "2038"]
[TimeControl "180+1"]
[EndTime "11:19:43 PDT"]
[Termination "WiktoriaPOL won by checkmate"]

1. Nf3 Nf6 2. g3 g6 3. Bg2 Bg7 4. O-O O-O 5. d4 d6 6. c4 Nbd7 7. Nc3 e5 8. e4 Qe7 9. Re1 exd4 10.
Nxd4 a5 11. Be3 Nc5 12. Qc2 Bd7 13. Rad1 a4 14. Nd5 Nxd5 15. exd5 Qf6 16. Qd2 Rfe8 17. Rf1 Ne4 18. Qc2 Bf5 19. Nxf5 Qxf5 20. Bf4 Nxg3 21. Qxf5 Nxf5 22. Rd2 Re7 23. Bh3 Nd4 24. Bg2 Ne2+ 25. Kh1 Nxf4 26. Bf3 Rae8 27. Rdd1 Bxb2 28. Rb1 a3 29. Bg4 f5 30. Bf3 Nd3 31. Rbd1 Re1 32. Kg2 Rxf1 33. Kxf1 Nb4 34. c5 dxc5 35. d6 cxd6 36.
Rxd6 Nxa2 37. Bd5+ Kg7 38. Bxa2 b5 39. Rd7+ Kh6 40.
Rd5 Rc8 41. Rd3 c4 42. Rh3+ Kg7 43. Re3 b4 44. Re7+ Kf6 45. Rxh7 b3 46. Bb1 a2 47. Bxa2 bxa2 48. Rb7 a1=Q+ 49. Kg2 Re8 50. Rb6+ Kg7 51.
Rb7+ Kh6 52. Rb6 Re1 53. Rxg6+ Kxg6 54. Kh3 Qa3+ 55. Kh4 Qf8 56. Kg3 Rg1+ 57. Kf3 Qe7 58. Kf4 Qe4# 0-1

[Event "*** Titled Tuesday Blitz"]
[Site "Chess.com"]
[Date "2020.05.05"]
[Round "7"]
[White "blitzking1729"]
[Black "Thjop"]
[Result "1-0"]
[WhiteElo "2516"]
[BlackElo "2649"]
[TimeControl "180+1"]
[EndTime "11:19:45 PDT"]
[Termination "blitzking1729 won by resignation"]

1. d4 Nf6 2. c4 g6 3. Nc3 Bg7 4. e4 d6 5. h3 O-O 6. Be3 Na6 7.
Bd3 c5 8. Nf3 cxd4 9. Nxd4 Nc5 10. Bc2 b6 11. O-O Bb7 12. f3 a6 13. Qd2 Rc8 14.
Rac1 h5 15. Rfd1 Ne6 16. Nxe6 fxe6 17. Bh6 e5 18. Nd5 Bxd5 19. exd5 Kh7 20. Be3 Nd7 21. Qd3 Qe8 22. b4 a5 23. a3 Bh6 24. Bxh6 Kxh6 25.
Ba4 Rc7 26. Qe3+ Kg7 27. Bxd7 Qxd7 28. Qxb6 axb4 29. axb4 Rfc8 30. c5 Rb7 31. Qa5 Ra7 32. c6 Qc7 33. Qxc7 Raxc7 34. b5 Rb8 35. Rb1 Rb6 36. Rd3 Kf6 37. Ra3 e6 38. Ra6 Rxa6 39. bxa6 exd5 40. Ra1 Ra7 41. c7 Rxc7 42. a7 Rxa7 43.
Rxa7 d4 44. Kf2 g5 45. Ke2 d5 46. Kd3 Kf5 47. Rf7+ Ke6 48. Rh7 h4 49. Rg7 Kf6 50.
Rd7 Ke6 51. Ra7 Kf6 52. Ra6+ Kf5 53. Rb6 Kf4 54. Rd6 e4+ 55. fxe4 dxe4+ 56. Kxd4 Kg3 57. Kxe4 Kxg2 58. Rd3 g4 59. hxg4 h3 60. g5 h2 61.
Rd2+ Kg3 62. Rxh2 1-0

[Event "*** Titled Tuesday Blitz"]
[Site "Chess.com"]
[Date "2020.05.05"]
[Round "7"]
[White "GM_LOADING"]
[Black "ozates"]
[Result "1/2-1/2"]
[WhiteElo "2528"]
[BlackElo "2391"]
[TimeControl "180+1"]
[EndTime "11:19:45 PDT"]
[Termination "Game drawn by repetition"]

1. e4 c5 2. Nf3 Nc6 3. d4 cxd4 4.
Nxd4 e5 5. Nb5 d6 6. c4 a6 7.
N5c3 Be7 8. Nd5 Nf6 9. Nbc3 Nxd5 10. Nxd5 O-O 11. Be3 Rb8 12. Qd2 Be6 13. Be2 b5 14. cxb5 axb5 15. O-O Qd7 16. Rac1 Rfe8 17. Rfd1 Bf8 18.
Nb6 Rxb6 19. Bxb6 Ne7 20. Qxd6 Qb7 21. Bxb5 Rb8 22. Bc7 Nd5 23. exd5 Bxd6 24. Bxb8 Qxb8 25. dxe6 fxe6 26. Bc4 Kf7 27. b3 Ba3 28. Rc2 Kf6 29.
Rcd2 Bc5 30. a4 Bd4 31. a5 Qa7 32. a6 g5 33. b4 h5 34. b5 g4 35. g3 Kf5 36.
Re2 Kf6 37. Rde1 Qb6 38. Ra2 Qa7 39. Rb1 Bb6 40. Rd1 Bd4 41. Rxd4 exd4 42. Rb2 Qb6 43. Ra2 Qa7 44. b6 Qxb6 45. a7 Qb1+ 46. Kg2 Qb7+ 47. Kf1 Qb1+ 48. Ke2 d3+ 49. Ke3 Qc1+ 50. Kxd3 Qd1+ 51.
Kc3 Qc1+ 52. Kb4 Qb1+ 53. Ka5 Qb7 54. Re2 Qxa7+ 55. Kb4 Qb6+ 56. Kc3 e5 57. Rb2 Qd4+ 58. Kb3 Qb6+ 59. Kc3 Qd4+ 60. Kb3 Qb6+ 61. Kc3 1/2-1/2

[Event "*** Titled Tuesday Blitz"]
[Site "Chess.com"]
[Date "2020.05.05"]
[Round "7"]
[White "queen_iryna"]
[Black "Margarita2907"]
[Result "1-0"]
[WhiteElo "2297"]
[BlackElo "1989"]
[TimeControl "180+1"]
[EndTime "11:19:45 PDT"]
[Termination "queen_iryna won on time"]

1. d4 Nf6 2. Bg5 e6 3. Nc3 Be7 4. Bxf6 Bxf6 5. e4 O-O 6. e5 Be7 7. Bd3 c5 8. Nf3 cxd4 9. Nxd4 Nc6 10. Nxc6 dxc6 11. O-O c5 12. f4 g6 13. Ne4 b6 14.
Qf3 Bb7 15. Nf6+ Bxf6 16. Qxb7 Bg7 17. Qe4 Qd4+ 18. Qxd4 cxd4 19. Rad1 Rfd8 20. Kf2 Rac8 21. Kf3 f6 22. exf6 Bxf6 23. Rfe1 Kf7 24. Re2 Re8 25.
b3 e5 26. Bc4+ Kg7 27. Rde1 Rc5 28. Re4 Kf8 29. a4 Re7 30. R1e2 exf4 31. Rxf4 Rc6 32. Ree4 Rxe4 33. Rxe4 Kg7 34. Ke2 Rc5 35. Kd3 Rg5 36. Re2 Rf5 37. b4 Rf1 38. h3 Rd1+ 39. Rd2 Rb1 40. Bb3 Ra1 41. Re2 Rd1+ 42. Ke4 Ra1 43. Kd5 Rd1 44. Kc4 Ra1 45. Kb5 Rd1 46. Bc4 Ra1 47. Bd3 1-0

[Event "*** Titled Tuesday Blitz"]
[Site "Chess.com"]
[Date "2020.05.05"]
[Round "7"]
[White "Gahan-MG"]
[Black "Sychev_Klementy"]
[Result "0-1"]
[WhiteElo "2600"]
[BlackElo "2880"]
[TimeControl "180+1"]
[EndTime "11:19:46 PDT"]
[Termination "Sychev_Klementy won by resignation"]

1. e4 e5 2. Nf3 Nc6 3. d4 exd4 4. Nxd4 Nf6 5. Nc3 Bb4 6. Nxc6 bxc6 7. Bd3 d5 8. exd5 O-O 9. O-O cxd5 10. Bg5 c6 11. Qf3 h6 12. Bxf6 Qxf6 13. Qxf6 gxf6 14. Ne2 Rb8 15. Ng3 Bd6 16. b3 Re8 17. Rae1 Bd7 18. Nh5 Be7 19. Re3 Kf8 20. Rfe1 Bd8 21. Rxe8+ Bxe8 22. g4 c5 23. c4 d4 24. Ng3 Bd7 25. h3 a5 26. Ne4 Be7 27. Kg2 a4 28. Bc2 Rb6 29. Nd2 Bc6+ 30. Be4 Bd7 31. Bd5 f5 32.
Kg3 fxg4 33. hxg4 Rg6 34. f3 h5 35. Re4 hxg4 36. fxg4 f5 37. Re2 Rxg4+ 38. Kf3 Bd6 39.
Rg2 Bc7 40. Rxg4 fxg4+ 41. Kg2 Ke7 42. Ne4 Bb6 43. Kg3 a3 44. Nd2 Bc7+ 45. Kg2 Bf4 46.
Ne4 d3 47. Kf2 Bf5 48. Ke1 g3 49. Nxc5 d2+ 50. Ke2 Bg4+ 51. Bf3 Bxf3+ 52. Kxf3 d1=Q+ 53. Kxf4 Qd6+ 0-1

[Event "*** Titled Tuesday Blitz"]
[Site "Chess.com"]
[Date "2020.05.05"]
[Round "7"]
[White "FeketeBarika"]
[Black "AwareIdea"]
[Result "1-0"]
[WhiteElo "2300"]
[BlackElo "2546"]
[TimeControl "180+1"]
[EndTime "11:19:47 PDT"]
[Termination "FeketeBarika won on time"]

1. Nf3 d5 2. g3 Nf6 3. Bg2 e6 4. c4 Be7 5. O-O O-O 6. d4 dxc4 7. Qc2 a6 8. a4 Bd7 9. Qxc4 Bc6 10. Bg5 h6 11.
Bxf6 Bxf6 12. Rd1 a5 13. Nc3 Bxf3 14. Bxf3 c6 15. e4 Na6 16. Kg2 Nb4 17. Rac1 Qb6 18. e5 Be7 19. Ne4 Rad8 20. b3 Rd7 21. Nc5 Rdd8 22.
Be4 Qc7 23. f4 Bxc5 24. Qxc5 Rfe8 25. d5 exd5 26. Bxd5 b6 27. Qc4 Re7 28. Bf3 Rxd1 29. Rxd1 Rd7 30. e6 Rxd1 31. Bxd1 fxe6 32. Qxe6+ Qf7 33.
Qc8+ Kh7 34. Bf3 c5 35. Be4+ g6 36. f5 gxf5 37. Bxf5+ Kg7 38. g4 Qd5+ 39. Kg3 Qxb3+ 40. Kh4 Qf7 41. Qb8 c4 42. Kg3 Nd5 43. Qe5+ Nf6 44. Be6 Qe8 45. h4 Qg6 46. g5 hxg5 47. hxg5 Qd3+ 48.
Kh2 Qc2+ 49. Kh3 Qd3+ 50. Kh2 Qh7+ 51. Kg1 Qb1+ 52. Kf2 Qc2+ 53. Kg1 Qd1+ 54. Kg2 Qg4+ 55. Bxg4 1-0

[Event "*** Titled Tuesday Blitz"]
[Site "Chess.com"]
[Date "2020.05.05"]
[Round "7"]
[White "Shoytan"]
[Black "GukeshDommaraju"]
[Result "1/2-1/2"]
[WhiteElo "2588"]
[BlackElo "2782"]
[TimeControl "180+1"]
[EndTime "11:19:48 PDT"]
[Termination "Game drawn by repetition"]

1. e4 c5 2. Nf3 Nc6 3. d4 cxd4 4. Nxd4 Nf6 5. Nc3 e5 6. Ndb5 d6 7. Nd5 Nxd5 8. exd5 Nb8 9. a4 Be7 10. Be2 O-O 11.
O-O Nd7 12. Kh1 f5 13. f4 a6 14. Na3 exf4 15. Bxf4 g5 16. Bd2 Ne5 17. Nc4 Nxc4 18. Bxc4 Bf6 19. c3 Bd7 20. Qh5 Be8 21. Qe2 Bg6 22. Bd3 Be5 23. a5 Qf6 24. Rae1 Rae8 25. Qf3 g4 26. Qf2 f4 27. Bxg6 Qxg6 28. Qb6 g3 29. Rf3 gxh2 30. Ref1 Re7 31. Qf2 Ref7 32. Qh4 Rf5 33. Qf2 R8f7 34. Qe2 h5 35. Qf2 Kh7 36. b4 Qg4 37. c4 Rg7 38. c5 dxc5 39. bxc5 Bd4 40.
Qe2 Re5 41. Qd3+ Kg8 42. g3 Rf5 43. Bxf4 Bg1 44. d6 h4 45. d7 hxg3 46. d8=Q+ Kh7 47. Rxg3 Qh5 48. Qxf5+ Qxf5 49. Rh3+ Qxh3 50. Qd5 Qxf1 51. Qh5+ Kg8 52. Qe8+ Kh7 53. Qh5+ Kg8 54. Qe8+ Kh7 55. Qh5+ 1/2-1/2

[Event "*** Titled Tuesday Blitz"]
[Site "Chess.com"]
[Date "2020.05.05"]
[Round "7"]
[White "Safar_From_Afar"]
[Black "Marty435"]
[Result "0-1"]
[WhiteElo "2284"]
[BlackElo "2522"]
[TimeControl "180+1"]
[EndTime "11:19:49 PDT"]
[Termination "Marty435 won on time"]

1. e4 e6 2. d4 d5 3. Nd2 c5 4. exd5 Qxd5 5. Ngf3 cxd4 6. Bc4 Qd6 7. O-O Nf6 8. Nb3 Nc6 9. Nbxd4 Nxd4 10. Nxd4 Qc7 11. Qe2 a6 12. Bg5 Bd6 13. h3 O-O 14. Bxf6 gxf6 15. Bd3 Kh8 16. Qh5 f5 17. Rad1 Bd7 18. Rfe1 Rad8 19. Nf3 Be7 20. Ne5 Be8 21. Qh6 Rg8 22.
c3 f6 23. Nf3 Bc6 24. Nh4 Bd5 25. c4 Bxc4 26. Bxc4 Rxd1 27. Rxd1 Qxc4 28. Rd7 Qc5 29.
Rxb7 Qd6 30. g3 Qd1+ 31. Kh2 Qd6 32. Kg1 Qd1+ 33. Kh2 Qd8 34. Ra7 Qd6 35. Rb7 Qd8 36.
Ra7 a5 37. Rb7 Qd6 38. Rb5 Qd8 39. Rb7 Qd6 40. Rb5 Qc7 41. Rb3 Rg7 42. Rf3 Kg8 43.
Rf4 Bd6 44. Rf3 Bf8 45. Qh5 Be7 46. Nxf5 exf5 47. Qxf5 Qd8 48. Rd3 Qf8 49. Rc3 Qf7 50. Rc8+ Bf8 51. Qc5 Rg6 52. Qc6 Kg7 53. Rd8 Be7 54. Rc8 f5 55. Rc7 Rxc6 56. Rxc6 f4 57. Rc7 fxg3+ 58. fxg3 Qf2+ 59. Kh1 Qe1+ 60. Kh2 Qd2+ 0-1

[Event "*** Titled Tuesday Blitz"]
[Site "Chess.com"]
[Date "2020.05.05"]
[Round "7"]
[White "Grandmaster2B"]
[Black "DishonorOnYourCow"]
[Result "1-0"]
[WhiteElo "2482"]
[BlackElo "2335"]
[TimeControl "180+1"]
[EndTime "11:19:50 PDT"]
[Termination "Grandmaster2B won on time"]

1. e4 e5 2. Nf3 Nc6 3. Bb5 Nf6 4. O-O Nxe4 5. Re1 Nd6 6. Nxe5 Nxe5 7. Rxe5+ Be7 8. Bf1 O-O 9. d4 Bf6 10. Re1 Re8 11.
c3 Rxe1 12. Qxe1 Ne8 13. Bf4 d5 14. Nd2 c6 15. Nf3 Bf5 16. Qd2 Nd6 17. Ne5 Ne4 18. Qe1 Qe7 19. f3 Nd6 20. Qd2 Re8 21. Re1 Qd8 22. Bd3 Bxd3 23. Nxd3 Nc4 24. Qd1 h6 25. b3 Nb6 26. Nc5 Re7 27. Qd2 Nc8 28. Rxe7 Qxe7 29.
Qe3 b6 30. Qxe7 Bxe7 31. Nd7 f6 32. Nb8 c5 33. Nc6 cxd4 34. cxd4 Kf7 35. Kf2 Ke8 36. h4 Kd7 37. Nb8+ Ke6 38. Na6 g5 39. Bh2 Bd6 40. Bxd6 Kxd6 41. hxg5 hxg5 42. Nb4 a5 43. Nd3 Ne7 44.
g4 Nc6 45. Ke3 Ke6 46. f4 Kd6 47. a3 b5 48. fxg5 fxg5 49. Nc5 a4 50. bxa4 bxa4 51. Nxa4 Na5 52. Nb2 Kc6 53. Kd3 Kb5 54. Kc3 Nc6 55. Nd3 Ka4 56. Nb4 Ne7 57. Nc2 Nc6 58. Ne3 Ne7 59. Nf5 Nc6 60. Nh6 Kxa3 61. Nf7 1-0

[Event "*** Titled Tuesday Blitz"]
[Site "Chess.com"]
[Date "2020.05.05"]
[Round "7"]
[White "kasparicy"]
[Black "Warre"]
[Result "1-0"]
[WhiteElo "2316"]
[BlackElo "2433"]
[TimeControl "180+1"]
[EndTime "11:19:50 PDT"]
[Termination "kasparicy won by resignation"]

1. e4 e5 2. Nf3 Nc6 3. Bc4 Nf6 4. d3 Bc5 5. c3 d6 6. h3 a6 7. Bb3 Ba7 8. Nbd2 O-O 9. Nf1 d5 10. Qe2 Re8 11. Bg5 dxe4 12. dxe4 Be6 13. g4 Bxb3 14.
axb3 Qe7 15. Ng3 Qe6 16. Nf5 Nd7 17. O-O Qxb3 18. Rad1 Qe6 19. Rd2 Nf8 20. Rfd1 f6 21. Bh4 Ng6 22. Bg3 Rad8 23. g5 Rxd2 24. Rxd2 Nf4 25.
Bxf4 exf4 26. N3h4 fxg5 27. Qg4 h6 28. Nf3 Qxe4 29.
Nxg5 Qe1+ 30. Kh2 Ne5 31. Qh5 Rf8 32. Nxh6+ gxh6 33. Qxh6 Nf3+ 34. Nxf3 Qe7 35. Qg6+ Qg7 36. Qxg7+ Kxg7 37. h4 Rf7 38. Rd5 c6 39. Rg5+ Kf6 40. Kh3 Re7 41. Kg4 Re2 42. Kxf4 Rxb2 43. Rf5+ Kg6 44.
h5+ Kg7 45. Rg5+ Kh6 46. Kg4 Rxf2 47. Rg6+ Kh7 48. Ng5+ Kh8 49. Re6 Rg2+ 50. Kf5 Rf2+ 51. Kg6 Kg8 52. Re8+ Rf8 53. Re7 Bc5 54. Rg7+ Kh8 55.
Nf7+ Rxf7 56. Rxf7 b5 57. Rc7 a5 58. Rc8+ 1-0

[Event "*** Titled Tuesday Blitz"]
[Site "Chess.com"]
[Date "2020.05.05"]
[Round "7"]
[White "vpsetter"]
[Black "Guenplen"]
[Result "1-0"]
[WhiteElo "2657"]
[BlackElo "2943"]
[TimeControl "180+1"]
[EndTime "11:19:51 PDT"]
[Termination "vpsetter won by resignation"]

1. e4 c5 2. Nf3 e6 3. d4 cxd4 4.
Nxd4 Nc6 5. Nc3 a6 6. Be3 Nf6 7. f4 Bb4 8. Nxc6 bxc6 9. e5 Nd5 10.
Bd2 Nxc3 11. Bxc3 Bxc3+ 12. bxc3 O-O 13. g3 Rb8 14. Qd4 c5 15. Qxc5 Bb7 16. Rg1 Rc8 17. Qb4 Qc7 18. Bd3 a5 19. Qd4 Qxc3+ 20. Qxc3 Rxc3 21. Kd2 Rc5 22. Rgb1 Bc6 23. Rb3 f6 24.
exf6 gxf6 25. Rab1 e5 26. Rc3 Rxc3 27. Kxc3 exf4 28. gxf4 Kf7 29. Kd4 Ke7 30. Rg1 Kd6 31. Bxh7 Rb8 32. h4 Rb4+ 33. Ke3 Rb5 34. Bg6 Rc5 35. h5 Rc3+ 36. Bd3 Rc5 37. h6 Rh5 38. h7 f5 39. Bxf5 Kc5 40. Rg8 Rxf5 41. h8=Q Rd5 42. Qc3+ Kd6 43. Qf6+ Kc5 44. Rg5 Kc4 45. Rxd5 Kxd5 46.
Qe5+ Kc4 47. Qd4+ Kb5 48. a4+ Ka6 49. f5 1-0

[Event "*** Titled Tuesday Blitz"]
[Site "Chess.com"]
[Date "2020.05.05"]
[Round "7"]
[White "JulAnt"]
[Black "1977Ivan"]
[Result "0-1"]
[WhiteElo "2457"]
[BlackElo "2643"]
[TimeControl "180+1"]
[EndTime "11:19:51 PDT"]
[Termination "1977Ivan won on time"]

1. e4 c5 2. Nf3 e6 3. d4 cxd4 4.
Nxd4 Nc6 5. Nc3 Qc7 6. Be2 a6 7.
O-O Bc5 8. Be3 d6 9. Kh1 Nf6 10. f4 O-O 11. Bg1 Ne7 12. Bf3 e5 13. Nde2 Bxg1 14.
Rxg1 b5 15. a3 Bb7 16. f5 Rad8 17. Qe1 d5 18. exd5 Nexd5 19. Nxd5 Bxd5 20. Bxd5 Rxd5 21. Nc3 Rd4 22. h3 h6 23. Qe3 Re8 24. Rae1 Qc6 25. Qg3 Rd2 26. Rxe5 Rxe5 27. Qxe5 Rxc2 28. Ne2 Qe4 29.
Qb8+ Kh7 30. Ng3 Qh4 31. Rf1 Ne4 32. Nxe4 Qxe4 33. Qg3 Rxb2 34. f6 g5 35. Rg1 Re2 36. Qd6 Re3 37. Qh2 Rxa3 38. Rd1 Qf4 39. Qg1 Kg6 40. Qc5 Rxh3+ 41. gxh3 Qf3+ 42. Kh2 Qxd1 43. Qf8 Qe2+ 44. Kh1 Qf3+ 45. Kh2 Qxf6 46. Qg8+ Qg7 47. Qc8 Qe5+ 48. Kh1 Qe4+ 49. Kh2 Qe2+ 50. Kh1 Qf3+ 51. Kh2 Qf4+ 52. Kh1 Qf6 53. Qc2+ Qf5 54. Qc6+ Kh5 55. Qxa6 Qxh3+ 56. Kg1 Qe3+ 57. Kh1 Qe4+ 58. Kg1 b4 0-1

[Event "*** Titled Tuesday Blitz"]
[Site "Chess.com"]
[Date "2020.05.05"]
[Round "7"]
[White "2346PL"]
[Black "ilya261991"]
[Result "0-1"]
[WhiteElo "2365"]
[BlackElo "2527"]
[TimeControl "180+1"]
[EndTime "11:19:51 PDT"]
[Termination "ilya261991 won by resignation"]

1. d4 Nf6 2. Bg5 e6 3. Nf3 Be7 4. e3 O-O 5. Bd3 b6 6. c4 Bb7 7. Nc3 d5 8. cxd5 exd5 9. Ne5 h6 10. Bh4 Nbd7 11. Nxd7 Qxd7 12. O-O Ne4 13. Bxe7 Qxe7 14. Rc1 Nxc3 15. Rxc3 c5 16. Qh5 cxd4 17. exd4 Rad8 18. h4 Bc8 19. Rfc1 Qf6 20. Kh2 Qxd4 21. Rxc8 Qf4+ 22. Kh3 Rxc8 23. Re1 Qxf2 24. Rf1 Qe3+ 25. Rf3 Qe6+ 26.
Bf5 Qe7 27. Rg3 Rc6 28. Qg4 g6 29. h5 g5 30. Bd3 Rf6 31. Qd4 Qe6+ 32. Kh2 Re8 33.
Bb5 Re7 34. Qc3 Qe5 35. Qc8+ Kg7 36. Bd3 Rf4 37. Qc3 Qxc3 38. bxc3 d4 39. c4 Re3 40.
Bc2 Rxg3 41. Kxg3 Rf6 42. Kh2 Rd6 43. Bd3 f6 44. g4 Kf7 45. Kg3 Ke6 46. Kf3 Ke5 47. Kf2 Rc6 48. Kf3 a6 49. a4 Rc5 50.
Kf2 Ra5 51. Bc2 Kd6 52. Ke2 Kc5 53. Kd3 b5 54. axb5 axb5 55. cxb5 Rxb5 56. Ke4 Rb2 57.
Bd3 Rf2 58. Ba6 Rf4+ 59. Kd3 Rxg4 60. Bc8 Rh4 61. Bf5 Rxh5 62. Ke4 Rh4+ 0-1

[Event "*** Titled Tuesday Blitz"]
[Site "Chess.com"]
[Date "2020.05.05"]
[Round "7"]
[White "bait_or_mate"]
[Black "Evgeny81"]
[Result "1/2-1/2"]
[WhiteElo "2538"]
[BlackElo "2670"]
[TimeControl "180+1"]
[EndTime "11:19:52 PDT"]
[Termination "Game drawn by repetition"]

1. d4 e6 2. c4 Nf6 3. Nf3 Bb4+ 4.
Nbd2 O-O 5. a3 Be7 6. e4 d6 7. Bd3 Nfd7 8. O-O e5 9. b3 exd4 10. Nxd4 Bf6 11. Bb2 Nc6 12. N2f3 Nc5 13. Bc2 Bg4 14.
Nxc6 bxc6 15. Bxf6 Qxf6 16. b4 Ne6 17. Bd3 Bxf3 18.
Qxf3 Qxf3 19. gxf3 a5 20. Rfc1 Nd4 21. Rcb1 axb4 22.
axb4 Nxf3+ 23. Kg2 Ne5 24. Be2 g5 25. Kg3 Rfe8 26.
b5 cxb5 27. cxb5 Nd7 28. f3 Nc5 29. Bc4 Reb8 30. Rxa8 Rxa8 31. b6 cxb6 32. Rxb6 Rd8 33. Rc6 Kf8 34. e5 Nd7 35. Rxd6 Ke7 36. f4 gxf4+ 37.
Kxf4 Rb8 38. Bd3 Rb4+ 39. Ke3 Nxe5 40. Rd5 Ng4+ 41. Ke2 Nf6 42. Rf5 Rh4 43. Rf2 Ke6 44. Rg2 h6 45. Kf2 Nd5 46. Be2 Ke5 47. Bf3 Nf4 48.
Rg4 Rxh2+ 49. Kg3 Rh3+ 50. Kf2 f5 51. Rg8 Nd3+ 52. Kg2 Nf4+ 53. Kf2 Rh2+ 54. Kg3 Rh3+ 55. Kf2 1/2-1/2

[Event "*** Titled Tuesday Blitz"]
[Site "Chess.com"]
[Date "2020.05.05"]
[Round "7"]
[White "allvim"]
[Black "Turquoise_2701"]
[Result "0-1"]
[WhiteElo "2327"]
[BlackElo "2169"]
[TimeControl "180+1"]
[EndTime "11:19:52 PDT"]
[Termination "Turquoise_2701 won by resignation"]

1. e4 c5 2. Nf3 d6 3. d4 cxd4 4.
Nxd4 Nf6 5. Nc3 a6 6. Be3 e5 7. Nb3 Be6 8. f3 Nbd7 9. Qd2 Be7 10. O-O-O h6 11. g4 b5 12. Kb1 Qc7 13. h4 Rc8 14.
Be2 b4 15. Nd5 Bxd5 16. exd5 Nb6 17. Bxb6 Qxb6 18. g5 Nd7 19. f4 a5 20. Bg4 a4 21. Nc1 a3 22. Bxd7+ Kxd7 23. fxe5 axb2 24. Nd3 hxg5 25. hxg5 Rxh1 26. Rxh1 Qd4 27. e6+ fxe6 28. dxe6+ Kxe6 29. Re1+ Kd7 30. Qe2 Re8 31. Qe6+ Kd8 32.
Qf7 Qc3 33. Re2 b3 34. axb3 Qa5 35. Kxb2 Qxg5 36. Re6 Qf6+ 37. Qxf6 Bxf6+ 38. Rxf6 gxf6 39. Kc3 Kd7 40. Kd4 Rc8 41. c4 Rb8 42. b4 f5 43.
b5 Ke6 44. Nf4+ Kf6 45. Kd5 Kg5 46. Ne6+ Kg4 47. Kxd6 Rb6+ 48. Kd5 f4 49. Nxf4 Kxf4 50. Kc5 Rb8 51. Kc6 Ke5 52. Kc7 Rh8 53. c5 Rh7+ 54. Kb8 Kd5 55. c6 Kd6 56. Kc8 Kc5 57. c7 Kb6 58.
Kd8 Rxc7 0-1

[Event "*** Titled Tuesday Blitz"]
[Site "Chess.com"]
[Date "2020.05.05"]
[Round "7"]
[White "BelaKis"]
[Black "AndriiTop"]
[Result "0-1"]
[WhiteElo "2063"]
[BlackElo "2309"]
[TimeControl "180+1"]
[EndTime "11:19:52 PDT"]
[Termination "AndriiTop won by resignation"]

1. Nf3 c6 2. c4 d5 3. cxd5 cxd5 4. d4 Nf6 5. Nc3 Nc6 6. Bf4 Bf5 7. e3 e6 8. Be2 Bd6 9. Bg3 O-O 10. O-O Bxg3 11. hxg3 Rc8 12. a3 Na5 13. Rc1 Qb6 14. Na4 Qb3 15. Rxc8 Rxc8 16. Qxb3 Nxb3 17. Nh4 b6 18.
Nxf5 exf5 19. f3 g6 20. Nc3 Kf8 21. Ba6 Rc7 22. Kf2 Nd2 23. Rd1 Nc4 24. Bxc4 Rxc4 25.
Ke2 Ke7 26. Kd3 Rc8 27. Rd2 Kd7 28. Rc2 a6 29. Na4 Rb8 30. b4 Ne8 31. Nc3 Ke6 32. b5 Ra8 33. a4 Nd6 34. e4 dxe4+ 35. fxe4 axb5 36. Nxb5 fxe4+ 37. Ke3 Rxa4 38. Rc6 Rb4 39. Rxd6+ Kf5 40. Rxb6 Rb3+ 41. Kf2 Kg4 42. d5 e3+ 43. Ke2 Kxg3 44. d6 Kf4 45. d7 Rb2+ 46. Kd3 Rd2+ 47. Kc3 Rxd7 48. Nd4 Ke4 49. Rb4 Ke5 50. Kd3 e2 51.
Rb5+ Kf4 52. Kxe2 Rxd4 53. Rb7 f5 54. Rxh7 Rb4 55. Rg7 Rb2+ 56. Kf1 g5 57. Rc7 Kg3 58. Rc3+ Kg4 59. Kg1 f4 60. Kf1 Kh4 61. Kg1 g4 62.
Rc8 Kg3 63. Rc3+ f3 64. gxf3 gxf3 65. Kf1 Rb1+ 0-1

[Event "*** Titled Tuesday Blitz"]
[Site "Chess.com"]
[Date "2020.05.05"]
[Round "7"]
[White "LiamPutnam2008"]
[Black "zmeeed67"]
[Result "0-1"]
[WhiteElo "2526"]
[BlackElo "2401"]
[TimeControl "180+1"]
[EndTime "11:19:54 PDT"]
[Termination "zmeeed67 won by checkmate"]

1. Nf3 d5 2. g3 Nf6 3. Bg2 c5 4. O-O Nc6 5. d4 Bg4 6. c4 Bxf3 7. Bxf3 cxd4 8. cxd5 Nxd5 9. Qb3 Nb6 10. Rd1 e6 11. Nd2 Be7 12. Nc4 O-O 13. Bf4 Nxc4 14.
Qxc4 Bf6 15. Bxc6 Rc8 16. Qa4 bxc6 17. Qxa7 Qd5 18. Qa6 e5 19. Bd2 e4 20. Rac1 Rfe8 21. Qc4 Qf5 22. a4 h5 23. Be1 h4 24. a5 h3 25. a6 d3 26. Bc3 e3 27. f3 d2 28.
Ra1 Bxc3 29. Qxc3 Qb5 30. Kf1 Ra8 31. Ra5 Qb6 32. Qa3 c5 33. b3 Reb8 34. Qxc5 Qxc5 35. Rxc5 Rxa6 36. Rc3 Re6 37. Rd3 f5 38. Rb1 g5 39.
Rd1 f4 40. g4 Rc8 41. R3xd2 exd2 42. Rxd2 Rc1+ 43. Kf2 Rc3 44. Rd8+ Kf7 45. Rb8 Ree3 46. Rb7+ Ke6 47. Rb6+ Kd5 48. Rb5+ Rc5 49. Rb8 Rc2 50. Rd8+ Ke6 51. Re8+ Kf7 52. Rxe3 fxe3+ 53. Kxe3 Rc3+ 54.
Ke4 Rxb3 55. Kf5 Rb5+ 56. Ke4 Ke6 57. Ke3 Ke5 58. Kf2 Rb2 59. Ke3 Rb3+ 60. Kf2 Kf4 61. Kf1 Ke3 62. Kg1 Rb1# 0-1

[Event "*** Titled Tuesday Blitz"]
[Site "Chess.com"]
[Date "2020.05.05"]
[Round "7"]
[White "Rafael_Ventura"]
[Black "Kavyev_Ruslan"]
[Result "1-0"]
[WhiteElo "2301"]
[BlackElo "2496"]
[TimeControl "180+1"]
[EndTime "11:19:54 PDT"]
[Termination "Rafael_Ventura won by resignation"]

1. e4 c5 2. c4 d6 3. Ne2 Nc6 4.
d4 cxd4 5. Nxd4 Nf6 6. Nc3 g6 7. Be3 Bd7 8. f3 Bg7 9. Qd2 O-O 10. Rc1 a5 11. b3 Nxd4 12. Bxd4 Bc6 13. Be3 Nd7 14. Nb5 Nc5 15. Nd4 Bd7 16. Be2 Qc7 17.
O-O Rfc8 18. Rfd1 Ne6 19. Nb5 Bxb5 20. cxb5 Qd7 21. a4 Rxc1 22. Rxc1 Rc8 23. Rxc8+ Qxc8 24. Qxa5 Bd4 25. Qd2 Qc5 26. Kf2 h5 27. Bc4 Bxe3+ 28. Qxe3 Nd4 29. g3 e5 30. Kg2 Qa3 31. Kh3 Kg7 32.
Bd5 b6 33. Qc3 Qc5 34. Qxc5 dxc5 35. Bc6 Nxb3 36. Kg2 Kf6 37. Kf2 Ke7 38. Ke3 Nd4 39.
Bd5 f6 40. Bc4 Kd6 41. Bf7 g5 42. Bxh5 c4 43. Bf7 Kc5 44. h4 gxh4 45. gxh4 c3 46.
Kd3 Nxf3 47. h5 Kb4 48. Kc2 Ng5 49. Be8 Nxe4 50. h6 Ng5 51. Bg6 Kxa4 52. Be8 Kb4 53. Bg6 e4 54. Bxe4 Kxb5 55. h7 Nf7 56. Kxc3 Kc5 57.
Bg6 Nh8 58. Bf5 Kd6 59. Kd4 Nf7 60. Bg6 Nh8 61. Bh5 Ke6 62. Ke4 b5 63. Kf4 b4 64.
Bd1 Kd5 65. Kf5 Kd4 66. Kxf6 Kc3 67. Kg7 Kd2 68. Ba4 Kc3 69. Kxh8 Kc4 70. Kg7 b3 71.
Bxb3+ 1-0